 Dungeon Crawl Stone Soup version 0.31-a0-164-g2312942fda (webtiles) character file.

Game seed: 4905647987205184154

280 qw the Chopper (level 6, -3/37 HPs)
             Began as a Gargoyle Fighter on June 13, 2023.
             Was an Initiate of Okawaru.
             Slain by Pikel
             ... wielding a +0 whip of flaming
              (4 damage)
             ... on level 4 of the Dungeon.
             The game lasted 00:01:28 (2843 turns).

qw the Chopper (Gargoyle Fighter)                   Turns: 2843, Time: 00:01:28

Health: -3/37      AC: 15    Str: 22    XL:     6   Next: 27%
Magic:  6/6        EV: 13    Int:  8    God:    Okawaru [......]
Gold:   200        SH:  5    Dex: 15    Spells: 5/5 levels left

rFire   . . .        Y - +0 war axe
rCold   . . .        c - +0 buckler
rNeg    + . .        f - +0 chain mail
rPois   inf          (no helmet)
rElec   +            p - +0 cloak
rCorr   .            g - +0 pair of gloves
SInv    .            (no boots)
Will    .....        k - amulet of the acrobat Stlth
                     a - +5 ring of evasion
HPRegen 0.26/turn    n - +6 ring of dexterity
MPRegen 0.10/turn

%: acrobat
@: no status effects
A: sickness immunity, AC +4, negative energy resistance 1, electricity
resistance, torment resistance 1, petrification resistance
a: Renounce Religion


You were on level 4 of the Dungeon.
You worshipped Okawaru.
Okawaru was noncommittal.
You visited 2 branches of the dungeon, and saw 5 of its levels.

You collected 239 gold pieces.
You spent 39 gold pieces at shops.


Innate Abilities, Weirdness & Mutations

You are immune to sickness and miasma.
Your stone body is resilient. (AC +4)
You are immune to poison.
You resist negative energy. (rN+)
You are resistant to electric shocks. (rElec)
You are resistant to unholy torment.
You are immune to petrification.


   Skills:
 + Level 3.4 Fighting
 - Level 5.4 Axes
 - Level 3.2 Armour
 - Level 1.4 Dodging
 - Level 3.2 Shields


You had 5 spell levels left.
You didn't know any spells.
Your spell library was empty.

Inventory:

Hand Weapons
 o - a +0 flail
 Y - a +0 war axe (weapon)
Armour
 c - a +0 buckler (worn)
 f - a +0 chain mail (worn)
 g - a +0 pair of gloves (worn)
 p - a +0 cloak (worn)
Jewellery
 a - a +5 ring of evasion (left hand)
 k - an amulet of the acrobat (around neck)
 n - a +6 ring of dexterity (right hand)
Scrolls
 i - a scroll of identify
Potions
 b - a potion of lignification {unknown}
 d - a potion of might
 e - 2 potions of heal wounds
 j - 2 potions of curing
 m - a potion of magic {unknown}

Dungeon Overview and Level Annotations

Branches:
Dungeon (4/15)             Temple (1/1) D:4

Altars:
Ashenzari
Cheibriados
Elyvilon
Fedhas
Gozag
Makhleb
Nemelex Xobeh
Okawaru
Qazlal
Ru
Sif Muna
Trog
Uskayaw
Vehumet
Wu Jian
Zin
The Shining One

Shops:
D:1 ((!

Annotations:
D:4 Pikel


Message History

You hit Pikel but do no damage.
Pikel is moderately wounded.
You hit the lemure but do no damage. You closely miss the lemure.
The lemure hits you but does no damage. x2; Pikel hits you but does no damage.
You closely miss Pikel.
Pikel is moderately wounded.
You closely miss the lemure. x2
Pikel hits you but does no damage.
The lemure hits you but does no damage. x2
You barely miss Pikel.
Pikel is moderately wounded.
You slash the lemure! x2
The lemure completely misses you. Pikel barely misses you. The lemure hits you.
You block the lemure's attack. Pikel closely misses you.
You block the lemure's attack.
You closely miss Pikel.
Pikel is moderately wounded.
You hit the lemure. You closely miss the lemure. You block the lemure's attack.
The lemure hits you but does no damage. Pikel hits you but does no damage.
You hit the lemure.
The lemure is severely wounded.
You barely miss Pikel. You hit the lemure but do no damage.
The lemure hits you but does no damage. x2
Pikel hits you with a +0 whip of flaming!
Pikel burns you.
You slash the lemure!
You kill the lemure!
That felt strangely unrewarding.
You hit Pikel. You closely miss the lemure. Pikel hits you but does no damage.
The lemure closely misses you. You block the lemure's attack.
Pikel hits you but does no damage.
You closely miss Pikel.
Pikel is moderately wounded.
You closely miss the lemure. You block Pikel's attack.
The lemure hits you but does no damage.
You closely miss Pikel.
Pikel is moderately wounded.
You hit the lemure but do no damage.
Pikel hits you with a +0 whip of flaming!
Pikel burns you.
You die...

. ###.#.........#
#.#.#.......#
#.#.#.......#
#...#.......#
#...#.......#
#######...#.#######
##.....#...#.#
#......#...#.#
)......@.#.#.#
....#.K5.#.#.########
.........#.#.........
......#.##.##########
.....##.# ....# #.#
...# #.. ... ...


You could see Pikel and a lemure.

Vanquished Creatures
  A black bear (D:3)
  3 lemures (D:4)
  An orc priest (D:3)
  Ijyb (D:3)
  An orc wizard (D:3)
  5 adders
  A dart slug (D:1)
  8 orcs
  7 ball pythons
  4 endoplasms
  3 goblins
  6 hobgoblins
  3 jackals (D:1)
  3 quokkas
  5 bats
  3 frilled lizards
  5 kobolds
  3 rats
63 creatures vanquished.

Notes
Turn   | Place    | Note
-------+----------+-------------------------------------------
     0 | D:1      | qw the Gargoyle Fighter began the quest for the Orb.
     0 | D:1      | Reached XP level 1. HP: 14/14 MP: 1/1
     0 | D:1      | 0 ||| qw: Version: 0.2-a-29-gc1b59c4
     0 | D:1      | 0 ||| qw: Game counter: 4510
     0 | D:1      | 0 ||| qw: Always use a shield: true
     0 | D:1      | 0 ||| qw: God list: Okawaru
     0 | D:1      | 0 ||| qw: Allow faded altars: false
     0 | D:1      | 0 ||| qw: Do Orc after D:15 true
     0 | D:1      | 0 ||| qw: Do second Lair branch before Depths: true
     0 | D:1      | 0 ||| qw: Lair rune preference: random
     0 | D:1      | 0 ||| qw: Plans: Normal, Zot:1-4, Slime:5, God:TSO, Crypt,
                  | Tomb, Abyss, Pan, Hells, Win
     0 | D:1      | 0 ||| PLANNING D:1-11
    19 | D:1      | Reached skill level 2 in Axes
    23 | D:1      | Reached XP level 2. HP: 18/19 MP: 2/2
   131 | D:1      | Found Jeebak's Antique Weapon Shop.
   138 | D:1      | 138 ||| Stepping ~*~*~tactically~*~*~ (stealth).
   167 | D:1      | 167 ||| SHOPLISTING whip (55 gold, have 45).
   189 | D:1      | Found Fiaduhia's Distillery.
   193 | D:1      | 193 ||| BUYING potion of curing (39 gold).
   193 | D:1      | Bought a potion of curing for 39 gold pieces
   193 | D:1      | 193 ||| SHOPLISTING potion of curing (39 gold, have 6).
   193 | D:1      | 193 ||| SHOPLISTING potion of heal wounds (65 gold, have
                  | 6).
   193 | D:1      | 193 ||| SHOPLISTING potion of mutation (104 gold, have 6).
   248 | D:1      | 248 ||| Stepping ~*~*~tactically~*~*~ (stealth).
   283 | D:1      | Found Zuyggap's Weapon Shop.
   291 | D:1      | 291 ||| SHOPLISTING +0 mace (30 gold, have 6).
   317 | D:1      | 317 ||| FLEEEEING.
   318 | D:1      | 318 ||| FLEEEEING.
   319 | D:1      | 319 ||| FLEEEEING.
   320 | D:1      | 320 ||| FLEEEEING.
   321 | D:1      | 321 ||| FLEEEEING.
   322 | D:1      | 322 ||| FLEEEEING.
   323 | D:1      | 323 ||| FLEEEEING.
   324 | D:1      | 324 ||| FLEEEEING.
   325 | D:1      | 325 ||| FLEEEEING.
   355 | D:1      | 355 ||| Stepping ~*~*~tactically~*~*~ (stealth).
   357 | D:1      | Reached skill level 3 in Axes
   370 | D:1      | Reached XP level 3. HP: 23/23 MP: 3/3
   543 | D:1      | 543 ||| UPGRADING to amulet of the acrobat.
   548 | D:1      | 548 ||| READING scroll labelled ASIENA RAGOCUO.
   551 | D:1      | 551 ||| READING scroll labelled JUIKOE SAUCI.
   552 | D:1      | 552 ||| DRINKING 4 silvery potions.
   553 | D:1      | 553 ||| DRINKING 2 murky puce potions.
   554 | D:1      | 554 ||| DROPPING potion of degeneration.
   760 | D:2      | 760 ||| Stepping ~*~*~tactically~*~*~ (hiding).
  1196 | D:2      | Reached XP level 4. HP: 28/28 MP: 4/4
  1311 | D:2      | 1311 ||| UPGRADING to +0 pair of gloves.
  1316 | D:2      | 1316 ||| UPGRADING to +5 ring of evasion.
  1317 | D:2      | 1317 ||| UPGRADING to +6 ring of dexterity.
  1318 | D:2      | 1318 ||| READING 2 scrolls labelled YJOIG BAUPOS.
  1319 | D:2      | 1319 ||| DROPPING scroll of immolation.
  1425 | D:3      | Reached skill level 1 in Dodging
  1428 | D:3      | Reached skill level 4 in Axes
  1428 | D:3      | Reached XP level 5. HP: 24/32 MP: 5/5
  1458 | D:3      | 1458 ||| DROPPING +0 club.
  1486 | D:3      | Found a faded altar of an unknown god.
  1533 | D:3      | Noticed Ijyb
  1552 | D:3      | Killed Ijyb
  1836 | D:3      | 1836 ||| Stepping ~*~*~tactically~*~*~ (stealth).
  2251 | D:3      | 2251 ||| Stepping ~*~*~tactically~*~*~ (stealth).
  2252 | D:3      | 2252 ||| Stepping ~*~*~tactically~*~*~ (stealth).
  2258 | D:3      | 2258 ||| Stepping ~*~*~tactically~*~*~ (hiding).
  2261 | D:3      | 2261 ||| Stepping ~*~*~tactically~*~*~ (hiding).
  2263 | D:3      | 2263 ||| Stepping ~*~*~tactically~*~*~ (hiding).
  2294 | D:3      | Noticed a black bear
  2295 | D:3      | 2295 ||| Stepping ~*~*~tactically~*~*~ (stealth).
  2296 | D:3      | 2296 ||| Stepping ~*~*~tactically~*~*~ (stealth).
  2309 | D:3      | Killed a black bear
  2310 | D:3      | Reached skill level 5 in Axes
  2310 | D:3      | Reached XP level 6. HP: 29/37 MP: 6/6
  2437 | D:3      | 2437 ||| UPGRADING to +0 chain mail.
  2447 | D:3      | 2447 ||| DROPPING +0 scale mail.
  2448 | D:3      | 2448 ||| UPGRADING to +0 cloak.
  2453 | D:3      | 2453 ||| READING scroll labelled VAJYARUN XYIR.
  2529 | D:4      | Found a staircase to the Ecumenical Temple.
  2530 | D:4      | 2530 ||| PLANNING TEMPLE
  2530 | D:4      | 2530 ||| READING 2 scrolls labelled FEUT EVYER.
  2531 | D:4      | 2531 ||| READING 2 scrolls of identify.
  2531 | D:4      | 2531 ||| IDENTIFYING fuming white potion
  2532 | D:4      | 2532 ||| DROPPING scroll of blinking.
  2533 | D:4      | 2533 ||| DROPPING potion of enlightenment.
  2542 | D:4      | 2542 ||| Stepping ~*~*~tactically~*~*~ (stealth).
  2558 | Temple   | Entered the Ecumenical Temple
  2591 | Temple   | 2591 ||| PLANNING OKAWARU WORSHIP
  2741 | Temple   | Became a worshipper of Warmaster Okawaru
  2741 | Temple   | 2741 ||| PLANNING D:1-11
  2785 | D:4      | Noticed Pikel
  2786 | D:4      | 2786 ||| Stepping ~*~*~tactically~*~*~ (stealth).
  2802 | D:4      | HP: 9/37 [lemure[Pikel] (2)]
  2803 | D:4      | 2803 ||| READING scroll of teleportation.
  2804 | D:4      | 2804 ||| DRINKING 3 potions of heal wounds.
  2843 | D:4      | HP: 1/37 [Pikel/+0 whip of flaming (10)]
  2843 | D:4      | Slain by Pikel

Levels and vault maps discovered:
D:1:      noname_arrival_rooms_in_the_neighbourhood, layout_rooms, serial_shops,
          shop, nicolae_shop_tiny_statue_garden, shop, nrook_uturn,
          minmay_pentomino_r4
D:2:      layout_basic
D:3:      layout_basic, hellmonk_ecumenical_altar_run_dry, uniq_ijyb
D:4:      layout_basic, minmay_temple_entry_sparse_star, uniq_pikel
Temple:   bh_familiar_temple

Skill      XL: |  1  2  3  4  5 |
---------------+----------------+-----
Axes           | 2 3 4 5 |  5.4
Dodging        | 1 |  1.4
Fighting       | |  3.4
Armour         | |  3.2
Shields        | |  3.2

Action                     |  1- 3 |  4- 6 || total
---------------------------+-------+-------++-------
  Melee: War axe           |   100 |   110 ||   210
    Use: Scroll            |     2 |     5 ||     7
         Potion            |     2 |     1 ||     3
 Armour: Scale mail        |    76 |    31 ||   107
         Chain mail        |       |    32 ||    32
  Dodge: Dodged            |    81 |    64 ||   145
  Block: Buckler           |    17 |    37 ||    54

Table legend:
 A = Non-vault XP
 B = Vault XP
 C = Vault XP percentage of total XP
 D = Non-vault monster count
 E = Vault monster count
 F = Vault count percentage of total count
                 A         B        C        D         E       F
            +---------+---------+-------+---------+---------+-------
      Total |     360 |      41 |  10.2 |      56 |       4 |   6.7
            +---------+---------+-------+---------+---------+-------
        D:1 |      32 |       5 |  13.5 |      20 |       3 |  13.0
        D:2 |      58 |       0 |   0.0 |      14 |       0 |   0.0
        D:3 |     253 |      36 |  12.5 |      16 |       1 |   5.9
        D:4 |      17 |       0 |   0.0 |       6 |       0 |   0.0
            +---------+---------+-------+---------+---------+-------
